 Dungeon Crawl Stone Soup version 0.30.1-9-gdf580d7c3d (webtiles) character file.

Game seed: 9304845196859754065

844 Maize the Chopper (level 7, -3/62 HPs)
             Began as a Minotaur Berserker on Oct 7, 2023.
             Was a Priest of Trog.
             Slain by a hornet (5 damage)
             ... on level 7 of the Dungeon.
             The game lasted 00:14:26 (4365 turns).

Maize the Chopper (Minotaur Berserker)              Turns: 4365, Time: 00:14:28

Health: -3/62      AC:  8    Str: 24    XL:     7   Next: 68%
Magic:  6/6        EV: 13    Int:  4    God:    Trog [***...]
Gold:   62         SH:  0    Dex: 15    Spells: 6/6 levels left

rFire   + + .        B - +0 battleaxe
rCold   + . .        (shield currently unavailable)
rNeg    . . .        f - +0 ring mail
rPois   .            (helmet restricted)
rElec   .            y - scarf {rC+ rF+}
rCorr   .            i - +0 pair of gloves
SInv    .            G - +0 pair of boots {rampage}
Will    .....        (no amulet)
Stlth   +            d - +6 ring of dexterity
HPRegen 0.30/turn    g - ring of protection from fire
MPRegen 0.10/turn

%: rampage
@: lethally poisoned (-3 -> -22), slowed, very slow
A: horns 2, retaliatory headbutt
a: Renounce Religion, Berserk, Trog's Hand


You were on level 7 of the Dungeon.
You worshipped Trog.
Trog was most pleased with you.
You visited 1 branch of the dungeon, and saw 7 of its levels.

You collected 272 gold pieces.
You spent 210 gold pieces at shops.

Inventory:

Hand Weapons
 n - a +2 hand axe of freezing
 z - a +0 war axe
 B - a +0 battleaxe (weapon)
Missiles
 p - 9 poisoned darts (quivered)
Armour
 f - a +0 ring mail (worn)
 i - a +0 pair of gloves (worn)
 y - a scarf of resistance (worn)
 G - a +0 pair of boots of rampaging (worn)
Jewellery
 d - a +6 ring of dexterity (left hand)
 g - a ring of protection from fire (right hand)
 u - a ring of flight
 D - an amulet of faith
Wands
 q - a wand of polymorph (7)
 t - a wand of mindburst (20)
Scrolls
 h - 2 scrolls of poison {unknown}
 j - a scroll of magic mapping
 k - 2 scrolls of summoning {unknown}
 o - 3 scrolls of teleportation {unknown}
 r - a scroll of immolation
 A - 3 scrolls of fog
 F - 2 scrolls of enchant weapon {unknown}
Potions
 a - a potion of lignification
 c - 2 potions of heal wounds {unknown}
 e - 3 potions of curing {unknown}
 l - a potion of invisibility
 m - 3 potions of attraction {unknown}
 s - 2 potions of cancellation {unknown}
 v - 2 potions of berserk rage {unknown}
 w - a potion of resistance
 x - a potion of brilliance {unknown}
 C - 2 potions of degeneration {unknown}
 E - 2 potions of flight {unknown}


   Skills:
 + Level 5.8 Fighting
 * Level 7.6 Axes
 + Level 5.1 Armour
 + Level 4.7 Dodging


You had 6 spell levels left.
You didn't know any spells.
Your spell library was empty.

Dungeon Overview and Level Annotations

Branches:
Dungeon (7/15)
 Temple: D:4-7

Altars:

Shops:
D:5 !   D:6 *


Innate Abilities, Weirdness & Mutations

You have a pair of horns on your head.
You reflexively headbutt those who attack you in melee.


Message History

You slash the hound!
You kill the hound!
Trog accepts your kill.
You slash the water moccasin! The water moccasin bites you.
The hornet barely misses you. You furiously retaliate!
You headbutt the hornet! You slash the hornet! You headbutt the hornet.
The hornet is severely wounded.
You miss the water moccasin. The water moccasin closely misses you.
You furiously retaliate!
You headbutt the water moccasin! The hornet stings you!
You feel yourself slow down. The water moccasin barely misses you.
The hornet stings you.
You are poisoned.
You suddenly lose the ability to move!
You feel yourself speed up.
You feel sick. The water moccasin bites you.
You are more poisoned.
The water moccasin poisons you! The hornet barely misses you.
The water moccasin bites you.
You feel very sick. The hornet stings you.
You are more poisoned.
You feel yourself slow down.
The water moccasin bites you but does no damage.
The hornet stings you.
You are lethally poisoned!
You feel as though you will be slow longer.
You can move again.
You miss the hornet.
The hornet is severely wounded.
You slash the water moccasin!
You kill the water moccasin!
Trog accepts your kill.
* * * LOW HITPOINT WARNING * * *
You feel extremely sick. The hornet misses you. You furiously retaliate!
You headbutt the hornet! The hornet stings you!
* * * LOW HITPOINT WARNING * * *
You feel as though you will be slow longer.
The hornet stings you.
You die...

#.##.##
# ...
#.#
######.#
#..#
##.##
#..#
#.<#
#).#
#.@#
#.y#
<....
###....
#..#(.
#...##.
#.#. ..
#. # ..


You could see a hornet.

Vanquished Creatures
  A water moccasin (D:7)
  A black bear (D:6)
  An ogre (D:6)
  A howler monkey (D:6)
  5 hounds
  2 sleepcaps
  An orc priest (D:4)
  A jelly (D:6)
  Crazy Yiuf (D:3)
  4 iguanas
  2 orc wizards
  6 adders
  2 ufetubi (D:6)
  2 worms
  2 dart slugs
  13 orcs
  6 endoplasms
  3 giant cockroaches
  5 goblins
  8 hobgoblins
  6 jackals
  5 kobolds
  6 quokkas
  8 ball pythons
  9 bats
  6 frilled lizards
  8 rats
115 creatures vanquished.

Notes
Turn   | Place    | Note
-------+----------+-------------------------------------------
     0 | D:1      | Maize the Minotaur Berserker began the quest for the Orb.
     0 | D:1      | Reached XP level 1. HP: 19/19 MP: 0/0
    78 | D:1      | Reached XP level 2. HP: 21/27 MP: 1/1
   266 | D:1      | Reached skill level 4 in Axes
   874 | D:2      | Reached XP level 3. HP: 33/33 MP: 2/2
  1062 | D:2      | Reached ** piety under Trog
  1263 | D:3      | Reached XP level 4. HP: 40/40 MP: 3/3
  1326 | D:3      | Found a runed translucent door.
  1327 | D:3      | Noticed Crazy Yiuf
  1335 | D:3      | Killed Crazy Yiuf
  1336 | D:3      | Reached skill level 5 in Axes
  1543 | D:3      | Found a faded altar of an unknown god.
  1785 | D:3      | Reached XP level 5. HP: 42/47 MP: 4/4
  2052 | D:4      | Reached *** piety under Trog
  2219 | D:4      | Reached skill level 6 in Axes
  2219 | D:4      | Reached XP level 6. HP: 55/55 MP: 5/5
  2713 | D:5      | Entered Level 5 of the Dungeon
  2839 | D:5      | Reached skill level 5 in Fighting
  2902 | D:5      | Found Dyich's Distillery.
  3430 | D:6      | Reached XP level 7. HP: 61/61 MP: 6/6
  3691 | D:6      | Reached skill level 7 in Axes
  3911 | D:6      | Reached skill level 5 in Armour
  3921 | D:6      | Found Etabair's Assorted Antiques.
  3924 | D:6      | Bought a pair of embroidered boots for 210 gold pieces
  4357 | D:7      | Noticed a hornet
  4362 | D:7      | Paralysed by a hornet for 3 turns
  4365 | D:7      | HP: 2/62 [hornet (10)]
  4365 | D:7      | Slain by a hornet

Illustrated notes

Levels and vault maps discovered:
D:1:      shiori_angband_town, layout_basic
D:2:      layout_loops_ring, kennysheep_generic_room_8
D:3:      minmay_spotlight, layout_rooms,
          shapermc_ecumenical_altar_starsandcircs, uniq_crazy_yiuf_cottage
D:4:      layout_gridville, chequers_mini_garden
D:5:      layout_cave_pools, serial_shops, nicolae_shop_window_shopping
D:6:      minmay_general_purpose_star, layout_basic, serial_shops,
          nicolae_shop_behind_doors, kennysheep_small_spiral,
          hangedman_decor_points, hangedman_decor_growths,
          minmay_misc_feat_ornament
D:7:      layout_rooms, minmay_temple_entry_waves, minivault_22,
          minmay_misc_feat_x, minmay_unpleasant_kobolds

Skill      XL: |  1  2  3  4  5  6  7 |
---------------+----------------------+-----
Axes           | 4 5 6 7 |  7.6
Fighting       | 4 5 |  5.8
Armour         | 3 4 5 |  5.1
Dodging        | 3 4 |  4.7

Action                     |  1- 3 |  4- 6 |  7- 9 || total
---------------------------+-------+-------+-------++-------
  Melee: Hand axe          |    74 |    20 |       ||    94
         Headbutt          |    11 |    19 |     2 ||    32
         Punch             |     1 |     1 |       ||     2
         War axe           |       |    29 |       ||    29
         Battleaxe         |       |    50 |    19 ||    69
    Use: Scroll            |       |     7 |       ||     7
   Stab: Sleeping          |     1 |     2 |     2 ||     5
 Armour: Ring mail         |    26 |    33 |    10 ||    69
         Animal skin       |     1 |       |       ||     1
  Dodge: Dodged            |    49 |    56 |    28 ||   133
